 Dungeon Crawl Stone Soup version 0.30-a0-134-gb40fab5c76 (webtiles) character file.

Game seed: 15987510326032639262

13715 IdlyInterested the Basher (level 11, -11/85 HPs)
             Began as a Demonspawn Wanderer on Sept 19, 2022.
             Mangled by Snorg (19 damage)
             ... on level 11 of the Dungeon.
             The game lasted 00:42:38 (12027 turns).

IdlyInterested the Basher (Demonspawn Wanderer)    Turns: 12027, Time: 00:42:39

Health: -11/85     AC: 20    Str: 14    XL:     11   Next: 79%
Magic:  15/15      EV:  8    Int: 13    God:
Gold:   1376       SH:  0    Dex: 17    Spells: 16/16 levels left

rFire   . . .      SeeInvis +    L - +2 demon whip (venom)
rCold   . . .      Faith    .    C - +0 kite shield
rNeg    . . .      Spirit   .    V - +6 scale mail "Tiubad" {Dex+3}
rPois   +          Reflect  .    j - +2 helmet
rElec   .          Harm     .    A - +0 cloak
rCorr   .          Rampage  .    c - +0 pair of gloves
Will    .....                    (no boots)
Stlth   ..........               U - amulet of the acrobat
HPRegen 0.24/turn                h - ring of see invisible
MPRegen 0.14/turn                R - ring of poison resistance

@: confused, ambrosia-drunk, studying Dodging
A: yellow scales 1, powered by death 2, spiny 1, weakness stinger 1, weak 1,
evolution 2, MP-powered wands
a: no special abilities


You were on level 11 of the Dungeon.
You visited 2 branches of the dungeon, and saw 12 of its levels.

You collected 1857 gold pieces.
You spent 481 gold pieces at shops.

Inventory:

Hand Weapons
 H - a +0 whip of freezing
 L - a +2 demon whip of venom (weapon)
 Y - a +0 dire flail
Missiles
 a - a throwing net
 i - 6 atropa-tipped darts
 D - 21 poisoned darts (quivered)
 E - 7 curare-tipped darts
Armour
 c - a +0 pair of gloves (worn)
 j - a +2 helmet (worn)
 y - a +1 helmet of intelligence
 A - a +0 cloak (worn)
 B - a +2 leather armour of cold resistance
 C - a +0 kite shield (worn)
 K - a +1 robe of positive energy
 V - the +6 scale mail "Tiubad" (worn) {Dex+3}
   (You found it on level 10 of the Dungeon)

   Dex:       It affects your dexterity (+3).
Magical Staves
 F - a staff of air
 N - a staff of death
Jewellery
 g - a ring of magical power
 h - a ring of see invisible (left hand)
 q - a ring of protection from cold
 R - a ring of poison resistance (right hand)
 U - an amulet of the acrobat (around neck)
Wands
 m - a wand of polymorph (15)
 x - a wand of iceblast (13)
 G - a wand of quicksilver (18)
Scrolls
 d - 2 scrolls of blinking
 e - 5 scrolls of teleportation
 f - 2 scrolls of enchant armour
 l - 3 scrolls of identify
 r - 3 scrolls of magic mapping
 s - 5 scrolls of enchant weapon
 O - 2 scrolls of fear
 W - a scroll of butterflies
Potions
 b - a potion of resistance
 k - 2 potions of might
 n - a potion of flight {unknown}
 o - a potion of ambrosia
 t - 8 potions of curing
 u - a potion of cancellation
 v - 2 potions of attraction
 w - 3 potions of lignification
 z - 3 potions of magic
 I - a potion of mutation
 S - a potion of brilliance
 X - a potion of haste
Miscellaneous
 p - a phantom mirror
 M - a box of beasts


   Skills:
 + Level 7.7 Fighting
 - Level 1.0 Short Blades
 - Level 14.0 Maces & Flails
 - Level 2.0 Throwing
 - Level 4.0 Armour
 - Level 3.0 Dodging
 - Level 3.0 Stealth
 - Level 3.0 Shields
 - Level 3.0 Spellcasting
 + Level 2.0 Necromancy
 - Level 2.0 Air Magic
 - Level 2.0 Invocations
 - Level 4.0 Evocations


You had 16 spell levels left.
You didn't know any spells.
Your spell library contained the following spells:

 Spells                   Type           Power      Damage    Failure   Level
 Necrotise                Necr           28%        1d5       77%         1
 Shock                    Conj/Air       16%        1d4       88%         1
 Apportation              Tloc           2%         N/A       96%         1
 Sandblast                Erth           2%         2d4       96%         1
 Summon Small Mammal      Summ           4%         N/A       96%         1
 Swiftness                Air            7%         N/A       98%         3
 Mephitic Cloud           Conj/Pois/Air  3%         N/A       100%        3
 Stone Arrow              Conj/Erth      2%         3d7       100%        3
 Summon Guardian Golem    Hex/Summ       1%         N/A       100%        3
 Airstrike                Air            3%         2d(1-17)  100%        4
 Animate Armour           Summ/Erth      2%         N/A       100%        4
 Arcjolt                  Conj/Air       2%         1d12      100%        5
 Orb of Destruction       Conj           0%         9d5       100%        7
 Spellforged Servitor     Conj/Summ      0%         N/A       100%        7
 Lehudib's Crystal Spear  Conj/Erth      0%         10d2      100%        8
 Shatter                  Erth           0%         3d5*      100%        9


Dungeon Overview and Level Annotations

Branches:
Dungeon (11/15)            Temple (1/1) D:5            Lair (0/5) D:11
    Orc (0/2) D:9

Altars:
Ashenzari
Cheibriados
Dithmenos
Fedhas
Gozag
Hepliaklqana
Kikubaaqudgha
Makhleb
Nemelex Xobeh
Okawaru
Qazlal
Ru
Sif Muna
Trog
Uskayaw
Vehumet
Wu Jian
Xom
Yredelemnul

Annotations:
D:11 2 transporters, Adrian566's ghost, journeyman OpFi; Snorg


Innate Abilities, Weirdness & Mutations

You are partially covered in yellow scales. (AC +2)
You regenerate health from kills.
You are partially covered in sharp spines.
You have a small tail.
You are weak. (Str -2)
You have great hidden genetic potential.
You expend magic power (3 MP) to strengthen your wands.


Message History

You closely miss Snorg. You tail-slap Snorg.
Snorg is heavily wounded.
Snorg closely misses you. Snorg claws you. Snorg claws you!
You barely miss Snorg.
Your tail-slap misses Snorg.
Snorg is heavily wounded.
You block Snorg's attack. Snorg claws you but does no damage.
You block Snorg's attack.
You whack Snorg!
Snorg looks as sick as possible!
Snorg is heavily wounded.
Snorg bites you! You block Snorg's attack. Snorg closely misses you.
You hit Snorg.
Snorg looks as sick as possible!
Your tail-slap misses Snorg.
Snorg is heavily wounded.
You block Snorg's attack. Snorg claws you but does no damage. Snorg claws you.
You hit Snorg.
Snorg looks as sick as possible!
Snorg is heavily wounded.
Snorg is struck by your spines. Snorg bites you. Snorg barely misses you.
Snorg claws you!
You whack Snorg!
Snorg looks as sick as possible!
Snorg is severely wounded.
Snorg is struck by your spines. Snorg bites you!
* * * LOW HITPOINT WARNING * * *
Snorg closely misses you. You block Snorg's attack.
You hit Snorg.
Snorg looks as sick as possible!
Snorg is almost dead.
Snorg is struck by your spines. Snorg closely misses you. Snorg claws you.
* * * LOW HITPOINT WARNING * * *
Snorg claws you but does no damage.
You are confused.
You feel invigorated. Snorg bites you but does no damage.
Snorg barely misses you. Snorg claws you!
* * * LOW HITPOINT WARNING * * *
You feel much better. Snorg bites you!!
* * * LOW HITPOINT WARNING * * *
Snorg claws you.
* * * LOW HITPOINT WARNING * * *
Snorg claws you but does no damage. Snorg is struck by your spines.
Snorg bites you but does no damage. Snorg barely misses you.
Snorg completely misses you.
You bump into the rock wall.
Snorg bites you!!
You die...

#...##......##8yW!
##...........#####
#.....###.......©
#.....####.......
##.....# ##......
#.....# ##.....
##.....## #.....
###.......####.....
#T@..####..........
#......#
##.........
......##..#
#...###... ....##
#...# #...# .## ...
#...# ##...# ## ..
##..# #...## . ...
#.### ....###


You could see Snorg (berserk, extremely poisoned).

Vanquished Creatures
  A centaur warrior (D:11)
  2 two-headed ogres
  Pikel (D:7)
  An ugly thing (D:7)
  A cyclops (D:7)
  3 trolls
  A slime creature (D:7)
  4 shadows
  3 wyverns (D:11)
  A vampire (D:11)
  A wraith (D:7)
  12 yaks
  A vampire mosquito (D:6)
  2 basilisks (D:11)
  2 two-headed ogre zombies (D:9)
  8 water moccasins
  Duvessa (D:7)
  2 ice beasts
  4 orc warriors
  A black bear (D:4)
  4 sky beasts
  5 centaurs
  An ogre (D:6)
  A phantom (D:6)
  A lemure (D:7)
  3 kobold brigands
  4 bullfrogs
  2 gnoll sergeants
  A necrophage (D:6)
  7 scorpions
  3 wights (D:6)
  Dowan (D:7)
  27 killer bees
  4 howler monkeys
  A lava snake (D:7)
  2 orc priests (D:9)
  Crazy Yiuf (D:6)
  4 hounds
  3 jellies
  5 iguanas
  9 orc wizards
  6 ogre zombies (D:9)
  10 gnolls
  5 adders
  A shadow imp (D:7)
  2 white imps (D:6)
  3 worms
  3 dart slugs
  25 orcs
  9 endoplasms
  12 giant cockroaches
  5 goblins
  8 hobgoblins
  11 jackals
  3 quokkas
  7 ball pythons
  4 bats
  A goblin skeleton (D:9)
  4 goblin zombies (D:9)
  2 hobgoblin skeletons (D:9)
  2 hobgoblin zombies (D:9)
  24 kobolds
  2 orc skeletons (D:9)
  12 orc zombies (D:9)
  4 rats
  3 butterflies (D:6)
309 creatures vanquished.

Vanquished Creatures (others)
  18 plants
18 creatures vanquished.

Grand Total: 327 creatures vanquished

Notes
Turn   | Place    | Note
-------+----------+-------------------------------------------
     0 | D:1      | IdlyInterested the Demonspawn Wanderer began the quest for
                  | the Orb.
     0 | D:1      | IdlyInterested set off with the following items: a +0
                  | flail, a +0 short sword, a +0 pair of gloves, a scroll of
                  | blinking, a +0 robe.
     0 | D:1      | Reached XP level 1. HP: 19/19 MP: 1/1
   353 | D:1      | Reached skill level 3 in Maces & Flails
   356 | D:1      | Gained mutation: You regenerate a little health from kills.
                  | [demonic ancestry]
   356 | D:1      | Reached XP level 2. HP: 13/25 MP: 3/3
  1026 | D:2      | Reached skill level 1 in Dodging
  1033 | D:2      | Reached XP level 3. HP: 30/30 MP: 4/4
  1212 | D:2      | Identified a scroll of acquirement
  1212 | D:2      | Acquired 1273 gold pieces
  1637 | D:2      | Reached skill level 1 in Throwing
  1906 | D:2      | Found a faded altar of an unknown god.
  2198 | D:3      | Reached XP level 4. HP: 35/37 MP: 5/5
  2409 | D:3      | Noticed a scorpion
  2415 | D:3      | Killed a scorpion
  2416 | D:3      | Reached skill level 4 in Maces & Flails
  2416 | D:3      | Reached skill level 1 in Evocations
  2641 | D:3      | Gained mutation: You have a small tail. [demonic ancestry]
  2641 | D:3      | Reached XP level 5. HP: 42/42 MP: 6/6
  3306 | D:4      | Reached skill level 1 in Spellcasting
  3631 | D:4      | Reached skill level 5 in Maces & Flails
  3631 | D:4      | Reached skill level 1 in Armour
  3699 | D:4      | Gained mutation: You are partially covered in sharp spines.
                  | [demonic ancestry]
  3699 | D:4      | Reached XP level 6. HP: 48/48 MP: 7/7
  4045 | D:4      | Noticed a water moccasin
  4052 | D:4      | Killed a water moccasin
  4366 | D:4      | Found Biapuh's Distillery.
  4476 | D:4      | Bought a potion of curing for 39 gold pieces
  4476 | D:4      | Bought a potion of cancellation for 104 gold pieces
  4476 | D:4      | Bought a potion of attraction for 39 gold pieces
  4476 | D:4      | Bought a potion of might for 52 gold pieces
  4476 | D:4      | Bought 2 potions of lignification for 78 gold pieces
  4476 | D:4      | Bought a potion of heal wounds for 65 gold pieces
  4476 | D:4      | Bought a potion of magic for 104 gold pieces
  4550 | D:5      | Entered Level 5 of the Dungeon
  4589 | D:5      | Reached skill level 6 in Maces & Flails
  4638 | D:5      | Noticed an ice beast
  4656 | D:5      | Killed an ice beast
  4657 | D:5      | Gained mutation: You are partially covered in yellow
                  | scales. (AC +2) [demonic ancestry]
  4657 | D:5      | Reached XP level 7. HP: 27/54 MP: 8/8
  4878 | D:5      | Found a staircase to the Ecumenical Temple.
  4908 | D:5      | Noticed a troll
  4911 | Temple   | Entered the Ecumenical Temple
  5109 | D:5      | Killed a troll
  5110 | D:5      | Reached skill level 7 in Maces & Flails
  5254 | D:5      | Reached XP level 8. HP: 34/60 MP: 9/9
  5474 | D:5      | Reached skill level 8 in Maces & Flails
  5579 | D:5      | Found a shimmering blue altar of Sif Muna.
  5632 | D:5      | Found a hazy altar of Hepliaklqana.
  5633 | D:5      | Found a shimmering altar of Xom.
  5634 | D:5      | Noticed a spectral ugly thing
  5836 | D:6      | Identified the +1 leather armour of Awe {MP+9}
  5858 | D:6      | Found a runed translucent door.
  5859 | D:6      | Noticed Crazy Yiuf
  6078 | D:6      | Found a blossoming altar of Fedhas.
  6127 | D:6      | Reached skill level 9 in Maces & Flails
  6539 | D:6      | Reached skill level 10 in Maces & Flails
  6681 | D:6      | Gained mutation: You regenerate health from kills. [demonic
                  | ancestry]
  6681 | D:6      | Reached XP level 9. HP: 56/65 MP: 10/10
  6809 | D:6      | Found a runed translucent door.
  6810 | D:6      | Found a runed translucent door.
  7099 | D:6      | Reached skill level 11 in Maces & Flails
  7248 | D:6      | Killed Crazy Yiuf
  7538 | D:7      | Noticed Pikel
  7563 | D:7      | Killed Pikel
  7831 | D:7      | Gained mutation: You are weak. (Str -2) [potion of
                  | mutation]
  7831 | D:7      | Gained mutation: You have a pair of small horns on your
                  | head. [potion of mutation]
  7831 | D:7      | Gained mutation: You occasionally lose the ability to drink
                  | potions when taking damage. [potion of mutation]
  7831 | D:7      | Gained mutation: You are strong-willed. (Will+) [potion of
                  | mutation]
  7975 | D:7      | Reached skill level 12 in Maces & Flails
  8035 | D:7      | Reached skill level 1 in Shields
  8232 | D:7      | Noticed a cyclops
  8240 | D:7      | Reached XP level 10. HP: 70/71 MP: 13/13
  8241 | D:7      | Noticed Duvessa
  8245 | D:7      | Killed a cyclops
  8251 | D:7      | Noticed Dowan
  8253 | D:7      | Killed Duvessa
  8257 | D:7      | Killed Dowan
  8309 | D:7      | Reached skill level 1 in Air Magic
  8349 | D:7      | Identified the +5 ring mail of the Sea {Str+3}
  8350 | D:7      | Got the Precepts of the Lithosphere and Striking
  8396 | D:7      | Noticed a cyan ugly thing
  8407 | D:7      | Killed a cyan ugly thing
  8846 | D:8      | Reached skill level 13 in Maces & Flails
  8952 | D:8      | Reached skill level 1 in Necromancy
  9096 | D:8      | Found a shadowy altar of Dithmenos.
  9358 | D:8      | Identified the +6 hand axe "Goffofai" {vorpal, Dex+4
                  | Stlth+}
 10037 | D:9      | Reached XP level 11. HP: 77/77 MP: 14/14
 10058 | D:9      | Found a staircase to the Orcish Mines.
 10130 | D:9      | Lost mutation: You have a pair of small horns on your head.
                  | [potion of mutation]
 10130 | D:9      | Lost mutation: You are strong-willed. (Will+) [potion of
                  | mutation]
 10130 | D:9      | Lost mutation: You occasionally lose the ability to drink
                  | potions when taking damage. [potion of mutation]
 10130 | D:9      | Gained mutation: You expend magic power (3 MP) to
                  | strengthen your wands. [potion of mutation]
 10130 | D:9      | Gained mutation: You have hidden genetic potential. [potion
                  | of mutation]
 10130 | D:9      | Gained mutation: You have great hidden genetic potential.
                  | [potion of mutation]
 10150 | D:9      | Found an ornate altar of the Wu Jian Council.
 10317 | D:10     | Entered Level 10 of the Dungeon
 10483 | D:10     | Reached skill level 5 in Fighting
 10548 | D:10     | Identified the +6 scale mail "Tiubad" {Dex+3}
 10728 | D:10     | Noticed a two-headed ogre
 10741 | D:10     | Killed a two-headed ogre
 10742 | D:10     | Reached skill level 14 in Maces & Flails
 11489 | D:11     | Found a staircase to the Lair.
 11500 | D:11     | Noticed a two-headed ogre
 11516 | D:11     | Killed a two-headed ogre
 11618 | D:11     | Found a transporter.
 11622 | D:11     | Found a transporter.
 11622 | D:11     | Noticed Adrian566's ghost (journeyman OpFi)
 11622 | D:11     | Noticed a stone giant
 11702 | D:11     | Noticed a centaur warrior
 11715 | D:11     | Killed a centaur warrior
 11959 | D:11     | Noticed a two-headed ogre
 12011 | D:11     | Noticed Snorg
 12027 | D:11     | Mangled by Snorg

Illustrated notes

Levels and vault maps discovered:
D:1:      wander_arrival_estate, layout_loops_cross, hangedman_glass_teeth
D:2:      layout_basic, basic_ecumenical_altar,
          amcnicky_mini_rare_corridor_liquid
D:3:      layout_basic, corexii_hall_statues_t, grunt_ministairs_8
D:4:      layout_basic, serial_shops, nicolae_shop_advertising_works
          [nicolae_subvault_shop_adworks]
D:5:      layout_cave_pools, regret_index_temple_of_mockery,
          lemuel_blue_sif_altar, temple_pool_b, minivault_19, lightli_minifort
D:6:      lemuel_insect_pit, layout_loops_corners, fedhas_altar_3,
          kennysheep_generic_room_7, uniq_crazy_yiuf_cottage
D:7:      layout_cave_pools, kennysheep_path_1, minmay_the_grid_2x2
          [minmay_the_grid_paths, minmay_the_grid_garden,
          minmay_the_grid_all_tris,
          minmay_the_grid_prize_four_corners_diamond_a], uniq_duvessa,
          uniq_pikel
D:8:      layout_basic, kennysheep_mini_moat
D:9:      layout_rooms, nzn_wu_jian_council_hall, zombieorc2_lemuel,
          nicolae_titane
D:10:     layout_roguey
D:11:     layout_layer_cave, minmay_lair_entry_grove, gammafunk_ghost_arena,
          minmay_misc_feat_cross, uniq_snorg
Temple:   eino_temple_rhombus

Skill      XL: |  1  2  3  4  5  6  7  8  9 10 11 |
---------------+----------------------------------+-----
Maces & Flails | 3 4 5 6 7 10 12 13 14 | 14.0
Invocations    | 2 |  2.0
Dodging        | 1 2 3 |  3.0
Throwing       | 1 2 |  2.0
Evocations     | 1 2 4 |  4.0
Spellcasting   | 1 2 3 |  3.0
Armour         | 1 2 3 4 |  4.0
Stealth        | 2 3 |  3.0
Shields        | 2 3 |  3.0
Air Magic      | 2 |  2.0
Necromancy     | 2 |  2.0
Fighting       | 7 |  7.7
Short Blades   | |  1.0

Action                   |  1- 3 |  4- 6 |  7- 9 | 10-12 || total
-------------------------+-------+-------+-------+-------++-------
Melee: Flail             |   163 |   167 |   312 |    20 ||   662
       Punch             |     2 |       |       |       ||     2
       Tailslap          |       |    15 |    55 |    59 ||   129
       Headbutt          |       |       |     4 |    69 ||    73
       Demon whip        |       |       |       |   438 ||   438
Throw: Dart              |       |     6 |     6 |     6 ||    18
Evoke: Wand              |       |       |     1 |       ||     1
  Use: Scroll            |     5 |     6 |     3 |     4 ||    18
       Potion            |       |     1 |     3 |     3 ||     7
 Stab: Sleeping          |     3 |       |     4 |     1 ||     8
Armor: Leather armour    |    28 |       |       |       ||    28
       Ring mail         |    62 |    25 |       |    84 ||   171
       Scale mail        |       |    65 |       |    66 ||   131
       Chain mail        |       |    13 |     5 |       ||    18
       Troll leather arm |       |       |    70 |     5 ||    75
Dodge: Dodged            |   102 |   103 |   108 |   120 ||   433
Block: Kite shield       |       |       |    95 |   160 ||   255

Table legend: (Time is in decaauts)
 A = Elapsed time spent in this place.
 B = Non-inter-level travel time spent in this place.
 C = Inter-level travel time spent in this place.
 D = Time resting spent in this place.
 E = Time spent auto-exploring this place.
 F = Levels seen in this place.
 G = Mean time per level.
                   A        B        C        D        E       F      G
               +--------+--------+--------+--------+--------+-----+--------+
         Total |  11997 |  10461 |   1536 |    986 |   6449 |  12 |  999.8 |
       Dungeon |  11818 |  10282 |   1536 |    986 |   6304 |  11 | 1074.4 |
        Temple |    178 |    178 |      0 |      0 |    145 |   1 |  178.0 |
               +--------+--------+--------+--------+--------+-----+--------+

Top non-repeatable levels by time:
     D:6: 1943 daAuts
     D:4: 1629 daAuts
     D:2: 1175 daAuts
     D:1: 1148 daAuts
     D:7: 1111 daAuts
    D:10: 1018 daAuts
     D:5: 924 daAuts
     D:3: 868 daAuts
     D:8: 749 daAuts
     D:9: 674 daAuts
    D:11: 575 daAuts
  Temple: 178 daAuts
